 Dungeon Crawl Stone Soup version 0.21.1-1-g345015fe64 (webtiles) character file.

179 Gargoyl the Skirmisher (level 5, -2/46 HPs)
             Began as a Centaur Abyssal Knight on May 20, 2018.
             Was a Believer of Lugonu.
             Killed by nerve-wracking pain
             ... invoked by Grinder
              (3 damage)
             ... on level 3 of the Dungeon.
             The game lasted 00:05:04 (3293 turns).

Gargoyl the Skirmisher (Centaur Abyssal Knight)     Turns: 3293, Time: 00:05:05

Health: -2/46      AC:  9    Str: 14    XL:     5   Next: 33%
Magic:  7/7        EV: 11    Int: 11    God:    Lugonu [**....]
Gold:   74         SH:  3    Dex: 15    Spells: 4/4 levels left

rFire    . . .     SeeInvis .   a - +1 hand axe
rCold    . . .     Gourm    .   p - +0 buckler
rNeg     . . .     Faith    .   d - +1 scale mail
rPois    .         Spirit   .   (no helmet)
rElec    .         Reflect  .   (no cloak)
rCorr    .         Harm     .   (no gloves)
MR       .....                  (no barding)
Stlth    +.........             (no amulet)
HPRegen  0.15/turn              j - +2 ring of protection
MPRegen  0.10/turn              (no ring)

@: agile, very quick
A: large, hooves 3, deformed body, speed 2, tough skin 3
a: Depart the Abyss, Bend Space, Renounce Religion


You were on level 3 of the Dungeon.
You worshipped Lugonu.
Lugonu was pleased with you.
You were not hungry.

You visited 1 branch of the dungeon, and saw 3 of its levels.
You visited the Abyss 1 time.

You collected 74 gold pieces.

Inventory:

Hand Weapons
 a - a +1 hand axe (weapon)
Armour
 d - a +1 scale mail (worn)
 p - a +0 buckler (worn)
Jewellery
 j - a +2 ring of protection (left hand)
Wands
 e - a wand of iceblast (7)
Scrolls
 f - a scroll of identify
 g - 7 scrolls of remove curse
 l - a scroll of teleportation
Potions
 b - 2 potions of degeneration
 h - a potion of resistance
 i - a potion of curing
 k - a potion of agility
 m - 2 potions of lignification {unknown}
 n - a potion of invisibility
Comestibles
 c - 6 rations


   Skills:
 + Level 3.8 Fighting
 + Level 3.0 Axes
 * Level 2.5 Armour
 + Level 0.7 Dodging
 * Level 3.1 Invocations


You had 4 spell levels left.
You didn't know any spells.

Dungeon Overview and Level Annotations

Branches:
Dungeon (3/15)

Altars:
Ru

Annotations:
D:3 Grinder


Innate Abilities, Weirdness & Mutations

You have hooves in place of feet.
Armour fits poorly on your strangely shaped body.
You cover ground very quickly.
You have extremely tough skin. (AC +3)


Message History

Grinder gestures at you. Pain shoots through your body!
You completely miss Grinder. Your kick misses Grinder.
Grinder is severely wounded.
Grinder hits you!
You writhe in agony.
* * * LOW HITPOINT WARNING * * *
You closely miss Grinder. You kick Grinder, but do no damage.
Grinder is severely wounded.
Grinder gestures at you. You resist with significant effort.
Your scale mail prevents you from hitting Grinder.
Your kick misses Grinder.
Grinder is severely wounded.
Grinder hits you.
* * * LOW HITPOINT WARNING * * *
You writhe in agony.
* * * LOW HITPOINT WARNING * * *
Grinder gestures at you. Pain shoots through your body!
You die...

.......#.##......##.#.. #
####..#.#..........#.#..#
# #†.##............##...
# #.#................#..
# #†............(......#
# #..#####......)..##..
.....## #........###..
###.## #............. #.
#.....@5...... ###.
#............# ....
########.....# #######
.....# ......# ......
..###.# #.#### ..# #$# ..
..###.#### .# .........#


You could see Grinder.

Vanquished Creatures
  An orc wizard (D:2)
  Jessica (D:3)
  6 adders
  3 worms
  2 dart slugs (D:1)
  A leopard gecko (D:3)
  An orc (D:2)
  2 ball pythons (D:2)
  7 giant cockroaches
  7 goblins
  3 hobgoblins
  3 jackals (D:1)
  4 kobolds
  4 bats
  A frilled lizard (D:1)
  14 rats
60 creatures vanquished.

Notes
Turn   | Place    | Note
-------+----------+-------------------------------------------
     0 | Abyss:1  | Gargoyl the Centaur Abyssal Knight began the quest for the Orb.
     0 | Abyss:1  | Reached XP level 1. HP: 19/19 MP: 2/2
   155 | Abyss:3  | Noticed a large abomination
   197 | Abyss:3  | Noticed a guardian serpent
   204 | D:1      | Escaped the Abyss
   437 | D:1      | Reached * piety under Lugonu
   601 | D:1      | Reached XP level 2. HP: 26/26 MP: 3/3
  1499 | D:2      | Reached XP level 3. HP: 29/31 MP: 4/4
  2124 | D:2      | Found a sacrificial altar of Ru.
  2143 | D:2      | Reached ** piety under Lugonu
  2143 | D:2      | Reached XP level 4. HP: 31/39 MP: 6/6
  2884 | D:3      | Noticed Jessica
  3070 | D:3      | Killed Jessica
  3070 | D:3      | Reached XP level 5. HP: 33/46 MP: 7/7
  3242 | D:3      | Noticed Grinder
  3286 | D:3      | Paralysed by Grinder for 2 turns
  3293 | D:3      | HP: 1/46 [Grinder (2)]
  3293 | D:3      | Killed from afar by Grinder

Skill      XL: |  1  2  3  4  5 |
---------------+----------------+-----
Axes           | 2 3 |  3.0
Armour         | 2 |  2.5
Invocations    | 3 |  3.1
Fighting       | |  3.8
Dodging        | |  0.7

Action                   |  1- 3 |  4- 6 || total
-------------------------+-------+-------++-------
Melee: Hand axe          |   108 |    94 ||   202
       Kick              |    23 |    16 ||    39
Invok: Depart the Abyss  |     1 |       ||     1
  Use: Scroll            |     6 |     2 ||     8
       Potion            |       |     2 ||     2
 Stab: Paralysed         |     1 |       ||     1
  Eat: Chunk             |     2 |     1 ||     3
       Ration            |       |     1 ||     1
Armor: Scale mail        |    63 |    62 ||   125
Dodge: Dodged            |    39 |    34 ||    73
Block: Buckler           |     5 |     8 ||    13
